 Dungeon Crawl Stone Soup version 0.29.1-15-g9cfb28693d (webtiles) character file.

Game seed: 8355959634612548384

420 DemonSlayer the Digger (level 6, 0/64 HPs)
             Began as a Demonspawn Earth Elementalist on Feb 27, 2023.
             Succumbed to a scorpion's poison
             ... on level 5 of the Dungeon.
             The game lasted 00:15:00 (5824 turns).

DemonSlayer the Digger (DsEE)                       Turns: 5824, Time: 00:15:00

Health: 0/64       AC: 10    Str: 10    XL:     6   Next: 62%
Magic:  11/12      EV: 12    Int: 16    God:
Gold:   697        SH:  0    Dex: 14    Spells: 7/13 levels left

rFire   + . .      SeeInvis .   i - +0 dagger (venom)
rCold   + . .      Faith    .   (no shield)
rNeg    + . .      Spirit   .   f - +0 leather armour
rPois   +          Reflect  .   (helmet restricted)
rElec   +          Harm     .   (no cloak)
rCorr   +          Rampage  .   k - +0 pair of gloves
Will    .....                   (no boots)
Stlth   ..........              x - amulet of magic regeneration
HPRegen 0.20/turn               n - ring of positive energy
MPRegen 0.53/turn               y - ring of flight

@: berserking, lethally poisoned (0 -> -3), resistant, sanguine armoured,
flying, very quick
A: antennae 1, sanguine armour 1
a: no special abilities


You were on level 5 of the Dungeon.
You visited 1 branch of the dungeon, and saw 5 of its levels.

You collected 917 gold pieces.
You spent 220 gold pieces at shops.

Inventory:

Hand Weapons
 i - a +0 dagger of venom (weapon)
Armour
 f - a +0 leather armour (worn)
 k - a +0 pair of gloves (worn)
Jewellery
 n - a ring of positive energy (left hand)
 x - an amulet of magic regeneration (around neck)
 y - a ring of flight (right hand)
Wands
 l - a wand of roots (3)
Scrolls
 c - 2 scrolls of amnesia {unknown}
 e - 2 scrolls of enchant armour
 h - a scroll of teleportation
 j - 2 scrolls of poison {unknown}
 m - a scroll of noise {unknown}
 q - 2 scrolls of enchant weapon {unknown}
 r - a scroll of silence {unknown}
 s - a scroll of brand weapon {unknown}
 u - a scroll of magic mapping {unknown}
 v - a scroll of identify
Potions
 b - a potion of magic
 g - 3 potions of might
 w - a potion of haste {unknown}


   Skills:
 + Level 1.0 Fighting
 + Level 0.4 Short Blades
 + Level 2.0 Armour
 + Level 2.1 Dodging
 + Level 2.4 Stealth
 + Level 4.1 Spellcasting
 + Level 0.1 Conjurations
 + Level 0.8 Transmutations
 + Level 4.5 Earth Magic
 + Level 0.3 Evocations


You had 7 spell levels left.
You knew the following spells:

 Your Spells              Type           Power      Damage    Failure   Level
a - Sandblast             Erth           34%        2d9       3%          1
b - Passwall              Tmut/Erth      9%         N/A       11%         2
c - Stone Arrow           Conj/Erth      20%        3d8       26%         3

Your spell library contained the following spells:

 Spells                   Type           Power      Damage    Failure   Level
 Ozocubu's Armour         Ice            3%         N/A       54%         3
 Petrify                  Tmut/Erth      11%        N/A       58%         4
 Metabolic Englaciation   Hex/Ice        1%         N/A       99%         5
 Simulacrum               Ice/Necr       1%         N/A       100%        6


Dungeon Overview and Level Annotations

Branches:
Dungeon (5/15)             Temple (0/1) D:5

Altars:
Ru

Shops:
D:3 *![=(

Annotations:
D:4 Pikel


Innate Abilities, Weirdness & Mutations

You have a pair of small antennae on your head.
When seriously injured, your blood forms armour. (AC +6)


Message History

Casting: Sandblast (safe; 3% risk of failure)
Confirm with . or Enter, or press ? or * to list all spells.
Aiming: Sandblast (safe; 3% risk of failure)
Press: ? - help, Shift-Dir - straight line, f/p - scorpion
Aim: a scorpion (severely wounded, 82% to hit)
The blast of sand hits the scorpion.
The scorpion is almost dead.
* * * LOW HITPOINT WARNING * * *
You feel very sick.
The scorpion stings you but does no damage.
The scorpion closely misses you.
Your magical contamination has completely faded away.
Unknown command.
Casting: Sandblast (safe; 3% risk of failure)
Confirm with . or Enter, or press ? or * to list all spells.
Aiming: Sandblast (safe; 3% risk of failure)
Press: ? - help, Shift-Dir - straight line, f/p - scorpion
Aim: a scorpion (almost dead, 82% to hit)
The blast of sand hits the scorpion but does no damage.
The scorpion is almost dead.
* * * LOW HITPOINT WARNING * * *
You feel very sick. The scorpion stings you.
* * * LOW HITPOINT WARNING * * *
The scorpion completely misses you.
Unknown command.
Unknown command.
Okay, then.
As you read the scroll of fear, it crumbles to dust.
You assume a fearsome visage.
The scorpion looks frightened!
* * * LOW HITPOINT WARNING * * *
You feel sick.
It was a potion of resistance.
You feel protected.
* * * LOW HITPOINT WARNING * * *
You feel sick.
It was a potion of berserk rage.
A red film seems to cover your vision as you go berserk!
You feel yourself moving faster!
You feel mighty!
You die...

#.#...........5.##
#.#.#...#...#...##
#.#.....#$⌠.#.....
#.#...###...###...
#.#...............
#.#....⌠..>..⌠..##
#.#.............##
#.# ##5..###.##
#@# .#.⌠.#...##
#.# .#...#...(.
#.s ...5........
#####...55.....###
#.5..............
#.# #############
#.###............
#5##........#....
#...##+####.#.###


You could see a scorpion (fleeing).

Vanquished Creatures
  Duvessa (D:4)
  2 lemures (D:5)
  2 necrophages (D:5)
  Dowan (D:4)
  Robin (D:2)
  A gnoll (D:5)
  5 adders
  A white imp (D:5)
  A dart slug (D:4)
  3 orcs
  7 endoplasms
  3 giant cockroaches
  13 goblins
  10 hobgoblins
  2 jackals (D:3)
  3 quokkas
  5 ball pythons
  4 bats
  4 frilled lizards
  5 kobolds
  6 rats
80 creatures vanquished.

Notes
Turn   | Place    | Note
-------+----------+-------------------------------------------
     0 | D:1      | DemonSlayer the Demonspawn Earth Elementalist began the
                  | quest for the Orb.
     0 | D:1      | Reached XP level 1. HP: 13/13 MP: 3/3
   634 | D:1      | Gained mutation: You have a pair of small antennae on your
                  | head. [demonic ancestry]
   634 | D:1      | Reached XP level 2. HP: 19/19 MP: 3/5
  1255 | D:1      | Learned a level 2 spell: Passwall
  1584 | D:2      | Noticed Robin
  1662 | D:3      | Found Uburopamoupt's Weapon Emporium.
  1690 | D:3      | Gained mutation: When seriously injured, your blood forms
                  | armour. (AC +6) [demonic ancestry]
  1690 | D:3      | Reached XP level 3. HP: 24/24 MP: 4/6
  1921 | D:3      | Found Fasir's Jewellery Shop.
  1978 | D:3      | Found a faded altar of an unknown god.
  2272 | D:3      | Found Fesuj's Armour Shop.
  2282 | D:3      | Learned a level 3 spell: Stone Arrow
  2425 | D:3      | Found Effeetik's Assorted Antiques.
  2438 | D:3      | Bought a potion of heal wounds for 90 gold pieces
  2438 | D:3      | Bought a scroll labelled BAOHIXT NOIK for 18 gold pieces
  2438 | D:3      | Bought a fizzy golden potion for 16 gold pieces
  2438 | D:3      | Identified a scroll of acquirement
  2439 | D:3      | Acquired 687 gold pieces
  2653 | D:3      | Found Qerhasep's Distillery.
  2660 | D:3      | Bought a potion of curing for 36 gold pieces
  2660 | D:3      | Bought a potion of heal wounds for 60 gold pieces
  2891 | D:2      | Reached XP level 4. HP: 26/31 MP: 5/8
  3019 | D:2      | Killed Robin
  3682 | D:4      | Noticed Duvessa
  3901 | D:4      | Killed Duvessa
  3902 | D:4      | Reached skill level 1 in Armour
  3902 | D:4      | Reached XP level 5. HP: 28/36 MP: 1/10
  3951 | D:4      | Noticed Dowan
  3959 | D:4      | Killed Dowan
  4287 | D:4      | Reached XP level 6. HP: 42/42 MP: 8/11
  4327 | D:4      | Found a sacrificial altar of Ru.
  4900 | D:5      | Entered Level 5 of the Dungeon
  4910 | D:5      | Reached skill level 1 in Fighting
  4949 | D:5      | Found a staircase to the Ecumenical Temple.
  4952 | D:5      | Noticed Pikel
  5822 | D:5      | HP: 2/43 [poisoned by a scorpion]
  5824 | D:5      | Succumbed to a scorpion's poison

Illustrated notes

Levels and vault maps discovered:
D:1:      nicolae_arrival_washed_ashore, layout_basic, patterned_corridor
D:2:      layout_basic, uniq_robin
D:3:      layout_basic, basic_ecumenical_altar, serial_shops,
          nicolae_shop_trees, nicolae_shop_statue_plus, nicolae_shop_trees,
          nicolae_shop_behind_doors, nicolae_diamond_shop, minmay_cut_off
D:4:      minmay_door_path, layout_basic, nicolae_ru_sacrificial_ziggurat,
          uniq_duvessa
D:5:      minmay_bubble_buster, layout_basic, minmay_temple_entry_junction_2,
          grunt_decor_arrowhead, minmay_misc_feat_more_columns, uniq_pikel,
          uniq_blork_the_orc, uniq_ijyb

Skill      XL: |  1  2  3  4  5  6 |
---------------+-------------------+-----
Earth Magic    | 3 4 |  4.5
Stealth        | 2 |  2.4
Spellcasting   | 3 4 |  4.1
Armour         | 1 2 |  2.0
Dodging        | 2 |  2.1
Fighting       | 1 |  1.0
Short Blades   | |  0.4
Conjurations   | |  0.1
Transmutations | |  0.8
Evocations     | |  0.3

Action                   |  1- 3 |  4- 6 || total
-------------------------+-------+-------++-------
Melee: Short sword       |     8 |       ||     8
       Dagger            |    14 |    28 ||    42
 Cast: Sandblast         |    65 |    78 ||   143
       Stone Arrow       |       |     1 ||     1
Evoke: Wand              |       |     5 ||     5
  Use: Scroll            |     7 |     5 ||    12
       Potion            |       |    10 ||    10
 Stab: Sleeping          |     3 |     4 ||     7
Armor: Robe              |     3 |       ||     3
       Leather armour    |    10 |    22 ||    32
Dodge: Dodged            |    42 |    49 ||    91
